Description

  • Hatch gas pool
  • Tumor on natural immediately
  • Nice fast 3rd with hidden drone
  • 3:20 back on gas
  • 3:30 4th queen
  • 3:45 RW and 2nd-3rd ga
  • 3:50 Lair
  • Ovie speed
  • 40 drones (2 mineral lines, 3-gases)
  • Ovies to 90-98 supply
  • 11 roaches + dropperlord and mass ling reinforce
  • All gas into ravagers
  • Queens load into dropperlord and come across the map
  • Morph overseer on other side of the map

  • 8 lings can drop in the main and hit the mineral line also: often does crazy damage!

VOD

https://youtu.be/VZWVy7ZmM5s

Replay - Ravager Ling Queen Rush

Build Order

Get SALT Encoding   

  12  0:03  Drone  
  13  0:14  Overlord  
  13  0:19  Drone  
  14  0:33  Drone x3  
  17  0:52  Drone  
  18  0:58  Hatchery  
  17  1:07  Drone  
  18  1:18  Spawning Pool  
  18  1:20  Drone  
  18  1:26  Drone  
  19  1:34  Extractor  
  19  1:35  Drone  
  19  1:45  Overlord  
  19  2:00  Extractor  
  18  2:07  Queen x2  
  22  2:11  Zergling x2  
  26  2:18  Extractor  
  27  2:25  Extractor  
  26  2:31  Hatchery  
  29  2:47  Extractor  
  32  3:01  Extractor  
  31  3:06  Queen x2  
  35  3:14  Overlord x2  
  35  3:19  Extractor  
  35  3:21  Metabolic Boost  
  36  3:27  Extractor  
  36  3:40  Extractor  
  41  3:44  Roach Warren  
  40  3:48  Lair  
  41  4:00  Extractor  
  48  4:22  Overlord  
  52  4:26  Roach x2  
  56  4:36  Roach  
  58  4:45  Roach x2  
  62  4:53  Roach x5  
  62  4:57  Queen  
  76  5:03  Overseer  
  80  5:22  Spore Crawler x2  
  80  5:28  Ravager x4  
  82  5:34  Ravager  
  83  5:39  Queen  
  83  5:41  Zergling x16  
  93  5:44  Ravager  
  94  5:52  Zergling x2  
  99  6:10  Queen  
  83  7:04  Hatchery  
  81  7:21  Queen x2  
  81  7:25  Spire, Spore Crawler x6  
  67  8:04  Spore Crawler  
Spawning Tool Build Advisor. Get it on Overwolf

Go to:

Details

  • Created by: PiG      
  • Published on: Aug 11, 2019
  • Patch: 4.7.1
Show
View Real Time Build Order
Export as new Build Order

Comments (0)

There are no comments. Be the first!

Create an account to comment!